AoeStats
← Carple

MegaRandom

506953632Analyzed
1v1 RM · 17d ago on Sep 15, 2026· 34m 19s· 2 players
Game mode
Random Map
Map size
Tiny (2 player)
Population
200
Speed
Normal
Resources
Standard
Victory
Conquest
Starting age
Dark Age
Ending age
Imperial Age
RankedLock teamsTeams togetherTeam positionsShared explorationLock speedFull tech treeHidden civsTurbo modeCheats
Victory
Defeat
🇨🇦 Spanish · Canada
1241
+14
🇦🇷 Tupi · Argentina
1207
-14
ROBERTO93
4:19 Loom
7:08 Loom
10:05 Feudal Age
10:49 Double-Bit Axe
13:58 Horse Collar
20:02 Castle Age
22:09 Heavy Plow
22:20 Bow Saw
22:58 Stone Mining
23:06 Fletching
23:16 Padded Archer Armor
24:02 Elite Skirmisher
24:55 Bodkin Arrow
28:09 Leather Archer Armor
Carple
3:37 Loom
11:09 Feudal Age
19:10 Castle Age
17:36 Double-Bit Axe
17:55 Horse Collar
18:43 Stone Mining
20:34 Bow Saw
21:01 Husbandry
21:35 Gold Mining
21:58 Bloodlines
25:12 Town Watch
34:01 Fletching
34:59 Wheelbarrow
Connection lost

Rejoining the realm…

Still unreachable

The connection could not be restored.

Session expired

The server has moved on; the page needs a fresh start.